 Dungeon Sprint DCSS version 0.17-a0-1210-g1e4f09d (webtiles) character file.

18 Kidiri the Sneak (level 2, -5/15 HPs)
             Began as a Spriggan Assassin on June 4, 2015.
             Was a Believer of Dithmenos.
             Slain by a warg (9 damage)
             ... in the Dungeon (Sprint VII: "The Pits").
             The game lasted 00:03:49 (481 turns).

Kidiri the Sneak (Spriggan Assassin)                 Turns: 481, Time: 00:03:49

Health: -5/15      AC:  3    Str:  7    XL:     2   Next: 51%
Magic:  4/4        EV: 19    Int: 12    God:    Dithmenos [**....]
Gold:   0          SH:  0    Dex: 17    Spells: 0 memorised, 1 level left

rFire  . . .     SeeInvis +     b - +0 blowgun
rCold  . . .     Clarity  .     c - +0 robe
rNeg   . . .     SustAt   .     (shield restricted)
rPois  .         Gourm    .     (helmet restricted)
rElec  .         Spirit   .     d - +0 cloak
rCorr  .         Warding  .     (gloves unavailable)
rMut   .         NoTele   +     (boots unavailable)
MR     .....                    (no amulet)
Stlth  +++++.....               (no ring)
                                (no ring)

@: wreathed by umbra, very quick, not resistant to hostile enchantments, quite
stealthy
A: unfitting armour, see invisible, herbivore 3, speed 3, slow metabolism 2
a: Shadow Step, Renounce Religion


You were in the Dungeon.
You worshipped Dithmenos.
Dithmenos was pleased with you.
You were not hungry.

You visited 1 branch

Inventory:

Hand weapons
 a - a +2 dagger
 b - a +0 blowgun (weapon)
 h - a +2 dagger of electrocution
Missiles
 e - 2 poisoned needles (quivered)
Armour
 c - a +0 robe (worn)
 d - a +0 cloak (worn)
Scrolls
 m - a scroll of blinking
 p - 3 scrolls of remove curse
 q - 5 scrolls of amnesia
 r - a scroll of summoning
Potions
 i - 5 potions of heal wounds
 j - a potion of haste
 k - 4 potions of magic
 l - 3 potions of berserk rage
 o - 2 potions of invisibility
 s - 5 potions of curing
Comestibles
 g - 8 bread rations
 n - 40 fruits


   Skills:
 + Level 2.2 Fighting
 * Level 2.1 Short Blades
 + Level 2.9 Throwing
 * Level 3.8 Dodging
 * Level 6.8 Stealth
 + Level 1.4 Invocations


You had one spell level left.
You didn't know any spells.

Dungeon Overview and Level Annotations

Branches:
Dungeon (1/1)

Altars:
Ashenzari
Cheibriados
Dithmenos
Elyvilon
Fedhas
Gozag
Kikubaaqudgha
Makhleb
Nemelex Xobeh
Okawaru
Qazlal
Ru
Sif Muna
Trog
Vehumet
Xom
Yredelemnul
Zin
The Shining One
Beogh
Jiyva
Lugonu


Innate Abilities, Weirdness & Mutations

You are tiny and cannot use many weapons and most armour.
You have supernaturally acute eyesight.
You are a herbivore.
You cover ground extremely quickly.
You need consume almost no food.


Message History

Press: ? - help, Shift-Dir - straight line, f/p - warg
Aim: a warg (moderately wounded, poisoned, umbra)
You shoot a poisoned needle. The poisoned needle hits the warg!
The warg is moderately wounded.
There is an open door to the Storerooms (Easy) here.
Firing (i - inventory):
e - 4 poisoned needles (quivered)
Press: ? - help, Shift-Dir - straight line, f/p - warg
Aim: a warg (moderately wounded, poisoned, umbra)
You shoot a poisoned needle. The poisoned needle hits the warg!
The warg is moderately wounded.
The warg looks more healthy.
You start resting.
Firing (i - inventory):
e - 3 poisoned needles (quivered)
Press: ? - help, Shift-Dir - straight line, f/p - warg
Aim: a warg (heavily wounded, umbra)
You shoot a poisoned needle. The poisoned needle hits the warg!
The warg is heavily wounded.
The warg bites you!
Ouch! That really hurt!
You die...

######## _______# _______#
###+##############++######
))+.+%.##.......@h(......#
))#.#?(##......#..#......#
###+#####................+
..(..().'...(............+
###+#####......#..#......#
.#...'.##................#
.#...#.#####'#####++######
.#####[##.......#
.'..)#.##.......#


You could see a warg.

Vanquished Creatures
  An adder (D)
  2 orcs (D)
  A hobgoblin (D)
  A goblin (D)
  2 kobolds (D)
  2 rats (D)
9 creatures vanquished.

Notes
Turn   | Place    | Note
--------------------------------------------------------------
     0 | D        | Kidiri the Spriggan Assassin began the quest for the Orb.
     0 | D        | Reached XP level 1. HP: 10/10 MP: 2/2
    15 | D        | Reached skill level 6 in Stealth
    51 | D        | Found a sacrificial altar of Ru.
    51 | D        | Found a basalt altar of Yredelemnul.
    51 | D        | Found a shadowy altar of Dithmenos.
    51 | D        | Found a deep blue altar of Sif Muna.
    51 | D        | Found a burning altar of Makhleb.
    51 | D        | Found a shimmering altar of Xom.
    51 | D        | Found an ancient bone altar of Kikubaaqudgha.
    51 | D        | Found a sparkling altar of Nemelex Xobeh.
    52 | D        | Found a glowing golden altar of the Shining One.
    52 | D        | Found a bloodstained altar of Trog.
    52 | D        | Found a shattered altar of Ashenzari.
    52 | D        | Found a white marble altar of Elyvilon.
    52 | D        | Found a snail-covered altar of Cheibriados.
    52 | D        | Found a blossoming altar of Fedhas.
    52 | D        | Found a radiant altar of Vehumet.
    52 | D        | Found a glowing silver altar of Zin.
    52 | D        | Found a corrupted altar of Lugonu.
    52 | D        | Found a viscous altar of Jiyva.
    52 | D        | Found a roughly hewn altar of Beogh.
    52 | D        | Found an iron altar of Okawaru.
    55 | D        | Became a worshipper of Dithmenos the Shadowed
    59 | D        | Found a stormy altar of Qazlal.
    59 | D        | Found an opulent altar of Gozag.
    80 | D        | Reached skill level 1 in Short Blades
   306 | D        | Reached skill level 1 in Invocations
   306 | D        | Reached XP level 2. HP: 15/15 MP: 3/3
   335 | D        | Acquired Dithmenos's first power
   425 | D        | Noticed a warg
   426 | D        | Noticed a worker ant
   481 | D        | Slain by a warg

Vault maps used:
D:        pitsprint

Action                   || total
-------------------------++-------
Melee: Dagger            ||    56
 Fire: Blowgun           ||     8
  Use: Potion            ||     2
 Stab: Sleeping          ||     3
